 Dungeon Crawl Stone Soup version 0.18-a0-1273-g8ec5f8e (webtiles) character file.

219 M4edhros the Sneak (level 5, 0/33 HPs)
             Began as an Octopode Artificer on Feb 8, 2016.
             Succumbed to a scorpion's poison
             ... on level 4 of the Dungeon.
             The game lasted 00:05:00 (2258 turns).

M4edhros the Sneak (Octopode Artificer)             Turns: 2258, Time: 00:05:00

Health: 0/33       AC:  1    Str: 10    XL:     5   Next: 96%
Magic:  8/8        EV: 13    Int: 21    God:    Xom [..*...]
Gold:   28         SH:  0    Dex: 12    Spells: 0 memorised, 4 levels left

rFire  . . .     SeeInvis .     a - +0 short sword
rCold  . . .     Gourm    .     (no shield)
rNeg   . . .     Faith    .     (helmet restricted)
rPois  .         Spirit   .     (no amulet)
rElec  .         Dismiss  .     (no ring)
rCorr  .         Reflect  .     (no ring)
SustAt .         Harm     .     (no ring)
MR     .....                    (no ring)
Stlth  ++++......               (no ring)
                                (no ring)
                                (no ring)
                                (no ring)

@: brilliant, lethally poisoned (0 -> -24), not resistant to hostile
enchantments, stealthy
A: almost no armour, amphibious, 8 rings, constrict 8, camouflage 1, gelatinous
body 1
a: Renounce Religion


You were on level 4 of the Dungeon.
You worshipped Xom.
You were a toy of Xom.
You were hungry.

You visited 2 branches of the dungeon, and saw 5 of its levels.

You collected 118 gold pieces.
You spent 90 gold pieces at shops.

Inventory:

Hand Weapons
 a - a +0 short sword (weapon)
Missiles
 j - 17 stones (quivered)
 n - 3 throwing nets
Wands
 b - a wand of flame (7/48)
 c - a wand of enslavement (14/24)
 d - a wand of random effects (12/48)
Scrolls
 e - a scroll of amnesia {unknown}
 g - a scroll of enchant weapon
 h - a scroll of enchant armour {unknown}
 k - a scroll of fear {unknown}
 l - a scroll of identify {unknown}
 m - a scroll of fog {unknown}
 o - a scroll of teleportation {unknown}
Comestibles
 f - 2 bread rations
 i - 4 fruits


   Skills:
 - Level 1.0 Fighting
 - Level 1.0 Short Blades
 * Level 4.2 Dodging
 * Level 4.8 Stealth
 + Level 4.2 Evocations


You had 4 spell levels left.
You didn't know any spells.

Dungeon Overview and Level Annotations

Branches:
Dungeon (4/15)             Temple (1/1) D:4

Altars:
Ashenzari
Cheibriados
Dithmenos
Elyvilon
Kikubaaqudgha
Makhleb
Nemelex Xobeh
Qazlal
Vehumet
Xom
Zin

Shops:
D:4 *

Annotations:
D:3 Grinder


Innate Abilities, Weirdness & Mutations

You cannot wear most types of armour.
You are amphibious.
You can wear up to eight rings at the same time.
You can use your tentacles to constrict eight enemies at once.
Your skin changes colour to match your surroundings (Stealth).
Your rubbery body absorbs attacks (AC +1).


Message History

Evoke which item? (* to show all) (? for menu, Esc to quit)
Zapping:
b - a wand of flame (8/48)
Press: ? - help, Shift-Dir - straight line, f - scorpion
Aim: a scorpion (severely wounded, constricted by you) That beam is likely to hit you.
Continue anyway?
Okay, then.
Evoke which item? (* to show all) (? for menu, Esc to quit)
Zapping:
b - a wand of flame (8/48)
Press: ? - help, Shift-Dir - straight line, f/p - scorpion
Aim: a scorpion (severely wounded, constricted by you) That beam is likely to hit you.
Continue anyway?
Okay, then.
Evoke which item? (* to show all) (? for menu, Esc to quit)
Zapping:
b - a wand of flame (8/48)
Press: ? - help, Shift-Dir - straight line, p - scorpion The puff of flame hits the scorpion.
The scorpion appears unharmed.
The scorpion is severely wounded.
This wand has 7 charges left.
You constrict the scorpion.
You die...
Xom howls with laughter!

### ##>## ##...#####
##.....##.###############
#........................
##.....##.#######.######
##...###.# ####.######..
####.####.# #..@#........
.......##.####.##s######..
....#..##............#
###........###.#.#.#.#
...######...## #..∩..# ##.
##...# #.#.### #.#
##.#.#..#...# #.# #.##.#
.##..#
##.#####'###.....Z......>#


You could see a scorpion.

Vanquished Creatures
  A crimson imp (D:4)
  An iguana (D:4)
  5 gnolls (D:4)
  6 adders
  An adder skeleton (D:4)
  2 worms (D:2)
  8 orcs (D:4)
  A bat (D:2)
  2 giant cockroaches
  3 goblins
  3 hobgoblins
  7 jackals (D:4)
  2 kobolds
  A quokka (D:3)
  A giant newt (D:4)
  A rat (D:1)
45 creatures vanquished.

Vanquished Creatures (others)
  An orc wizard (D:4)
1 creature vanquished.

Grand Total: 46 creatures vanquished

Notes
Turn   | Place    | Note
--------------------------------------------------------------
     0 | D:1      | M4edhros the Octopode Artificer began the quest for the Orb.
     0 | D:1      | Reached XP level 1. HP: 13/13 MP: 3/3
   146 | D:1      | Reached XP level 2. HP: 9/18 MP: 4/4
   478 | D:2      | Found a faded altar to an unknown god.
   521 | D:2      | Reached XP level 3. HP: 23/23 MP: 5/5
   584 | D:3      | Noticed Grinder
   964 | D:4      | Reached XP level 4. HP: 23/28 MP: 6/6
  1166 | D:4      | Reached skill level 4 in Stealth
  1480 | D:4      | Reached XP level 5. HP: 28/33 MP: 7/7
  1897 | D:4      | Found a staircase to the Ecumenical Temple.
  1913 | Temple   | Entered the Ecumenical Temple
  2092 | Temple   | Became a worshipper of Xom the Less-Predictable
  2139 | D:4      | XOM: smoke on damage
  2151 | D:4      | XOM: harmless Erth miscast
  2180 | D:4      | Found a shadowy altar of Dithmenos.
  2216 | D:4      | Found Ozomut's General Store.
  2220 | D:4      | Bought a scroll of enchant weapon for 90 gold pieces
  2221 | D:4      | XOM: harmless Chrm miscast
  2244 | D:4      | XOM: harmless Air miscast
  2251 | D:4      | XOM: potion effect (brilliance)
  2258 | D:4      | Succumbed to a scorpion's poison

Vault maps used:
D:1:      dpeg_arrival_tiny_c
D:2:      nicolae_overflow_crystal_walls, nicolae_overflow_hidden_temple,
          ecumenical_altar_2, minmay_misc_feat_enclosed
D:3:      serial_co_window_serial, co_window_corner_a, co_window_paths_a,
          co_window_paths_b, co_window_paths_a, co_window_corner_a,
          co_window_broadway_a, co_window_unsneaky_path_b,
          co_window_of_opportunity_b, glass_columns_a, glass_columns_b,
          uniq_grinder
D:4:      kennysheep_little_box, minmay_temple_entry_junction2, first_bread,
          serial_shops, nicolae_shop_crystal, lemuel_tele_altar
Temple:   chambers_temple_10

Action                   |  1- 3 |  4- 6 || total
-------------------------+-------+-------++-------
Melee: Short sword       |    40 |    73 ||   113
Evoke: Wand              |       |    12 ||    12
 Stab: Sleeping          |     7 |       ||     7
       Distracted        |       |     1 ||     1
  Eat: Chunk             |       |     2 ||     2
       Beef jerky        |       |     1 ||     1
